I'm a spoon, chaotic female sylph Wizard ------- #############......| # ###|.....| `######### ### |.....| ######### +....>| # ---|--- ### ## # # # # ### # ####----- # ##|...+ # ##..[.| ------|-.-- #|{.(a@*# |.........| ----- |..-|---..| ...|# |..| |<.|# |..| |..-|---..| |....`....| ----------- I'm a spoon the Thaumaturge Experience level: 7 Strength: 13 Dexterity: 10 Constitution: 12 Intelligence: 19 Wisdom: 15 Charisma: 8 Health: 0(46) Energy: 60(89) Def: 6 Gold: 238 Moves: 2332 Dungeon seed: 2xp7g4U5VeVW-zvL Game ID: I'm a spoon_1467537409 Your Inventory: Coins $ - 238 gold pieces Weapons a - a blessed +1 quarterstaff (weapon in hands) Armor e - a blessed +0 cloak of magic resistance (being worn) N - an uncursed +0 elven mithril-coat (being worn) Comestibles J - 2 uncursed food rations Scrolls j - an uncursed scroll of water k - a blessed scroll of identify l - an uncursed scroll of earth o - an uncursed scroll of scare monster p - an uncursed scroll of magic mapping q - an uncursed scroll of scare monster z - an uncursed scroll of teleportation A - an uncursed scroll of fire B - a blessed scroll of blank paper D - 2 uncursed scrolls of identify Spellbooks b - a blessed spellbook of force bolt c - an uncursed spellbook of cure blindness t - an uncursed spellbook of detect food Potions f - an uncursed potion of gain energy h - 2 uncursed potions of sickness u - 2 uncursed potions of water C - an uncursed potion of fruit juice I - an uncursed potion of restore ability Rings w - an uncursed -2 ring of gain strength Wands d - a wand of nothing (0:5) n - a wand of light (0:14) F - a wand of enlightenment (0:12) K - a wand of create monster (0:11) Tools i - an uncursed tin whistle E - an uncursed skeleton key G - an uncursed partly used wax candle (0:381) Gems r - an uncursed worthless piece of green glass y - 2 uncursed worthless pieces of yellow glass Spells and supernatural/magical abilities: Name Level Category Fail Memory a - force bolt 1 attack 39% 89% B - cure blindness 2 healing 81% 89% E - detect food 2 divination 81% 93% W - pray for help -- divine ? -- Your skills at the end: Miscellaneous Skills wands [Basic] Weapon Skills quarterstaff [Skilled] Spellcasting Skills attack spells [Basic] enchantment spells [Basic] Final Attributes: You were devoutly aligned. You were magic-protected. You saw invisible. You were telepathic. You had infravision. You were stealthy. You were protected from shape changers. You are dead. Vanquished creatures: a gnome king a dwarf lord a rock mole a ghoul 2 giant ants 2 floating eyes a kitten a homunculus a rothe 3 giant bats a werejackal a coyote a gas spore a hobbit an acid blob a large kobold 2 geckos 5 giant rats 2 cave spiders a yellow mold 4 gnomes 11 manes 8 jackals a kobold 4 newts a goblin a sewer rat 4 grid bugs 5 lichens a kobold zombie 70 creatures vanquished. Voluntary challenges: You did not adorn yourself with jewelry or accessories. You had been an atheist until turn 1959. You used a wielded weapon 87 times, starting on turn 172. You did not apply a unicorn horn. You read items or engraved 5 times, starting on turn 852. You never genocided any monsters. You never polymorphed an object. You never changed form. You used no wishes. You never split a pudding. You never wrote Elbereth's name. You violated your moral code, losing 4 points of alignment, starting on turn 1088. Dungeon overview: The Dungeons of Doom: levels 1 to 7 Level 1 a long staircase Level 2 (mystery shop) some fountains Level 3 a weapon shop, a fountain a long staircase Level 4 Level 5 Level 6 many fountains Level 7 <- You were here a fountain History has recorded: On T:1 you entered the Dungeons of Doom to retrieve the Amulet of Yendor! On T:412 you reached level 2 of The Dungeons of Doom. On T:513 you advanced to experience level 2. On T:552 you reached level 3 of The Dungeons of Doom. On T:621 you advanced to experience level 3. On T:875 you reached level 4 of The Dungeons of Doom. On T:1142 you reached level 5 of The Dungeons of Doom. On T:1252 you advanced to experience level 4. On T:1581 you advanced to experience level 5. On T:1831 you reached level 6 of The Dungeons of Doom. On T:1972 you advanced to experience level 6. On T:1973 you received advice from The Oracle. On T:1973 you advanced to experience level 7. On T:2123 you reached level 7 of The Dungeons of Doom. Score breakdown: Gold: 238 ( 23 points) Experience: 7 levels ( 600 points) Exploration: 7 levels ( 180 points) Discoveries: 7 items ( 350 points) Variety of kills: 30 monsters ( 1500 points) Major goal: (nothing yet) ( 0 points) Survival: died (score multiplied by 3) Total score: 7959 Latest messages: The giant bat just misses! You try to draw healing from your surroundings, but they are blocked off from your skin. You hit the giant bat. The spell hits the giant bat! You kill the giant bat! You try to draw healing from your surroundings, but they are blocked off from your skin. K - a runed wand. You write in the dust with a wand of create monster. The wand of create monster glows, then fades. The giant ant bites! (3x) You try to draw healing from your surroundings, but they are blocked off from your skin. The spell hits the giant ant! The spell hits the gnome! You kill the gnome! The giant ant bites! You die... Final status: Goodbye I'm a spoon the Wizard, killed by a giant ant... You died in The Dungeons of Doom on dungeon level 7 with 7959 points, and 238 pieces of gold, after 2332 moves. You were level 7 with a maximum of 46 hit points when you died.